[Event "RUS-chT Premier 2021"]
[White "Artemiev,Vladislav"]
[Black "Vitiugov,Nikita"]
[WhiteTeam "Ладья"]
[BlackTeam "Медный всадник"]
[Site "Sochi"]
[Round "7.1"]
[Annotator "RC"]
[Result "1/2-1/2"]
[Date "2021.05.08"]
[WhiteElo "2709"]
[BlackElo "2715"]
[PlyCount "127"]
[TimeControl "60"]

1. c4 Nf6 2. Nf3 g6 3. b3 Bg7 4. Bb2 0-0 5. g3 d6 6. Bg2 e5 7. d3 Re8 8. 0-0 e4 9. dxe4 Nxe4 10. Bxg7 Kxg7 11. Nfd2 Nc5 12. Nc3 Nc6 13. a3 Be6 14. b4 Nd7 15. Rc1 Rb8 16. Nd5 Nce5 17. Qc2 c6 18. Nf4 Nf6 19. Qc3 Qe7 20. Rfd1 Rbd8 21. b5 Bf5 22. bxc6 bxc6 23. h3 g5 24. Nd3 c5 25. Nf1 Qe6 26. f4 gxf4 27. Nxf4 Qe7 28. g4 Bg6 29. Ng3 h6 30. Rf1 Kg8 31. Qd2 Kh7 32. Rf2 Nfd7 33. Nd5 Qg5 34. Qc3 Re6 35. Rcf1 Rb8 36. Be4 Kg8 37. Nf4 Ree8 38. Bxg6 fxg6 39. Ne4 Qh4 40. Nxd6 Rf8 41. Qe3 Qe7 42. Ne4 Nxc4 43. Nxg6 Nxe3 44. Nxe7+ Kg7 45. Rxf8 Rxf8 46. Rxf8 Kxf8 47. Nf5 Nc4 48. a4 a5 49. Nxh6 Nb2 50. Nf5 Nxa4 51. Kf2 Nab6 52. Ke3 Nd5+ 53. Kd2 a4 54. Nc3 a3 55. Kc2 Nf4 56. h4 Ne5 57. g5 Kf7 58. e3 Ne6 59. Ne4 Kg6 60. Nfg3 Ng7 61. Kb3 Nf3 62. Kxa3 Nxh4 63. Nxc5 Kxg5 64. Kb4 1/2-1/2

[Event "RUS-chT Premier 2021"]
[White "Faizrakhmanov,Ramil"]
[Black "Ponkratov,Pavel"]
[WhiteTeam "Ладья"]
[BlackTeam "Медный всадник"]
[Site "Sochi"]
[Round "7.5"]
[Annotator "ChessBase"]
[Result "0-1"]
[Date "2021.05.08"]
[WhiteElo "2477"]
[BlackElo "2619"]
[PlyCount "142"]
[TimeControl "60"]

1. d4 Nf6 2. c4 e6 3. Nf3 h6 4. Nc3 Bb4 5. Qb3 c5 6. dxc5 Nc6 7. a3 Bxc5 8. e3 b6 9. Be2 Bb7 10. 0-0 Qb8 11. Qc2 Ng4 12. g3 h5 13. b4 Be7 14. e4 h4 15. Bf4 e5 16. Bd2 Qd6 17. h3 Nf6 18. g4 Rc8 19. Nb5 Qb8 20. Qd3 Nd8 21. Nc3 Ba6 22. b5 Bb7 23. g5 Nh5 24. Nxh4 Ne6 25. Bxh5 Rxh5 26. Nf5 Bxg5 27. Rad1 Kf8 28. Ng3 Rh8 29. Bxg5 Nxg5 30. Qxd7 g6 31. Rd6 Nxh3+ 32. Kg2 Nf4+ 33. Kg1 Nh3+ 34. Kg2 Nf4+ 35. Kg1 Rc7 36. Qg4 Nh3+ 37. Kg2 Nf4+ 38. Kg1 Qc8 39. Qxc8+ Rxc8 40. Rd7 Rxc4 41. Rxb7 Rxc3 42. Rxa7 Kg7 43. a4 Rc2 44. Rb7 Ra8 45. Rxb6 Rxa4 46. Rc6 Rb2 47. Rc5 Raa2 48. Nh1 Kf6 49. Rc6+ Kg5 50. Ra6 Rxa6 51. bxa6 Ra2 52. Rb1 Rxa6 53. Rb5 f6 54. Rb3 Ra1+ 55. Kh2 Ne2 56. Ng3 Ra2 57. Nf1 Nf4 58. Rf3 Kg4 59. Rg3+ Kh4 60. Rf3 g5 61. Ne3 g4 62. Nf5+ Kg5 63. Rb3 Rxf2+ 64. Kh1 Ra2 65. Rb8 Nd3 66. Ng3 Kf4 67. Nh5+ Kf3 68. Rb1 Nf2+ 69. Kg1 Nxe4 70. Rf1+ Rf2 71. Ra1 Rg2+ 0-1

[Event "RUS-chT Premier 2021"]
[White "Goganov,Aleksey"]
[Black "Gaifullin,Artur"]
[WhiteTeam "Медный всадник"]
[BlackTeam "Ладья"]
[Site "Sochi"]
[Round "7.6"]
[Annotator "ChessBase"]
[Result "1/2-1/2"]
[Date "2021.05.08"]
[WhiteElo "2575"]
[BlackElo "2450"]
[PlyCount "74"]
[TimeControl "60"]

1. e4 e5 2. Nf3 Nc6 3. Bb5 g6 4. c3 a6 5. Ba4 Bg7 6. 0-0 Nge7 7. d4 0-0 8. d5 Na7 9. c4 d6 10. Nc3 b5 11. cxb5 axb5 12. Nxb5 Nxb5 13. Bxb5 f5 14. a4 h6 15. Ra3 fxe4 16. Nd2 c6 17. dxc6 d5 18. Rc3 Qc7 19. Rc5 Be6 20. b4 Kh7 21. Nb1 e3 22. Bxe3 d4 23. Bc1 e4 24. Nd2 Bf5 25. Re1 e3 26. fxe3 dxe3 27. Nf3 Rad8 28. Qe2 Nd5 29. Qc4 Nf4 30. Bxe3 Nd3 31. Rxf5 Rxf5 32. Qxd3 Rxd3 33. Bxd3 Rxf3 34. gxf3 Qxc6 35. Be4 Qxa4 36. Kh1 Qxb4 37. Rg1 Qc3 1/2-1/2

[Event "RUS-chT Premier 2021"]
[White "Dreev,Aleksey"]
[Black "Chigaev,Maksim"]
[WhiteTeam "КПРФ"]
[BlackTeam "Wildberries Молодёжка"]
[Site "Sochi"]
[Round "7.8"]
[Annotator "ChessBase"]
[Result "1/2-1/2"]
[Date "2021.05.08"]
[WhiteElo "2647"]
[BlackElo "2631"]
[PlyCount "23"]
[TimeControl "60"]

1. d4 Nf6 2. Nf3 g6 3. g3 Bg7 4. Bg2 c5 5. c4 d5 6. cxd5 0-0 7. 0-0 cxd4 8. Nxd4 Nxd5 9. Nc3 Nb6 10. Nb3 Nc6 11. Bf4 Qxd1 12. Raxd1 1/2-1/2

[Event "RUS-chT Premier 2021"]
[White "Paravyan,David"]
[Black "Alekseev,Evgeny"]
[WhiteTeam "Wildberries Молодёжка"]
[BlackTeam "КПРФ"]
[Site "Sochi"]
[Round "7.9"]
[Annotator "ChessBase"]
[Result "1/2-1/2"]
[Date "2021.05.08"]
[WhiteElo "2647"]
[BlackElo "2619"]
[PlyCount "57"]
[TimeControl "60"]

1. d4 Nf6 2. c4 e6 3. Nc3 Bb4 4. Qc2 0-0 5. Nf3 c5 6. dxc5 Na6 7. g3 Nxc5 8. Bg2 b6 9. 0-0 Bb7 10. Nb5 Be4 11. Qd1 Nb7 12. a3 Be7 13. Bf4 a6 14. Nc3 Bc6 15. b4 Rc8 16. Re1 a5 17. Qb3 Nd6 18. Nd2 Bxg2 19. Kxg2 Qc7 20. f3 Nh5 21. Be5 Qc6 22. b5 Qc5 23. Bxd6 Qxd6 24. Nde4 Qc7 25. Na4 f5 26. Nf2 Nf6 27. Rac1 Qb7 28. Qe3 Rb8 29. Rc3 1/2-1/2

[Event "RUS-chT Premier 2021"]
[White "Zvjaginsev,Vadim"]
[Black "Riazantsev,Alexander"]
[WhiteTeam "КПРФ"]
[BlackTeam "Wildberries Молодёжка"]
[Site "Sochi"]
[Round "7.10"]
[Annotator "ChessBase"]
[Result "1/2-1/2"]
[Date "2021.05.08"]
[WhiteElo "2614"]
[BlackElo "2631"]
[PlyCount "63"]
[TimeControl "60"]

1. e4 c5 2. Be2 Nc6 3. d3 g6 4. f4 Bg7 5. Nf3 d6 6. 0-0 Nf6 7. Qe1 e6 8. Qh4 Nd7 9. Qxd8+ Kxd8 10. c3 f5 11. Re1 Kc7 12. Bf1 Re8 13. e5 d5 14. d4 a6 15. dxc5 Nxc5 16. Be3 Ne4 17. c4 dxc4 18. Bxc4 b5 19. Bd3 Bb7 20. Bxe4 fxe4 21. Ng5 h6 22. Nf7 g5 23. fxg5 hxg5 24. Nd2 Nxe5 25. Rac1+ Kd7 26. Bd4 Nxf7 27. Bxg7 Nd6 28. Be5 Rac8 29. Rcd1 Bd5 30. Bxd6 Kxd6 31. Nxe4+ Ke7 32. Nc3 1/2-1/2

[Event "RUS-chT Premier 2021"]
[White "Antipov,Mikhail Al."]
[Black "Rublevsky,Sergei"]
[WhiteTeam "Wildberries Молодёжка"]
[BlackTeam "КПРФ"]
[Site "Sochi"]
[Round "7.11"]
[Annotator "ChessBase"]
[Result "1/2-1/2"]
[Date "2021.05.08"]
[WhiteElo "2609"]
[BlackElo "2642"]
[PlyCount "47"]
[TimeControl "60"]

1. e4 c5 2. Nf3 e6 3. d4 cxd4 4. Nxd4 a6 5. c4 Nf6 6. Nc3 Bb4 7. Qd3 d5 8. exd5 exd5 9. Qe3+ Be7 10. Qg3 Ne4 11. Qf3 Nc6 12. cxd5 Nxc3 13. dxc6 Qxd4 14. bxc3 Qc5 15. Be2 0-0 16. 0-0 Qxc6 17. Qxc6 bxc6 18. Rb1 Be6 19. a4 Bf6 20. Be3 a5 21. Rfc1 Rfb8 22. Bf3 Rxb1 23. Rxb1 Bxc3 24. Bxc6 1/2-1/2

[Event "RUS-chT Premier 2021"]
[White "Sychev,Klementy"]
[Black "Kryakvin,Dmitry"]
[WhiteTeam "КПРФ"]
[BlackTeam "Wildberries Молодёжка"]
[Site "Sochi"]
[Round "7.12"]
[Annotator "ChessBase"]
[Result "0-1"]
[Date "2021.05.08"]
[WhiteElo "2572"]
[BlackElo "2577"]
[PlyCount "134"]
[TimeControl "60"]

1. e4 c5 2. Nf3 Nc6 3. d4 cxd4 4. Nxd4 d6 5. Nc3 e5 6. Ndb5 a6 7. Na3 b5 8. Nd5 Nge7 9. Bd3 Nxd5 10. exd5 Ne7 11. 0-0 g6 12. c4 Bg7 13. cxb5 0-0 14. Re1 f5 15. Nc2 Kh8 16. bxa6 Nxd5 17. b4 e4 18. Bf1 Nxb4 19. Nxb4 Bxa1 20. Bh6 Bg7 21. Bxg7+ Kxg7 22. Qd5 Bd7 23. Rc1 Be8 24. Qd4+ Qf6 25. Rc7+ Rf7 26. Qb6 Rxc7 27. Qxc7+ Bf7 28. Qb7 Re8 29. a7 Qb2 30. Qb8 e3 31. fxe3 Qa3 32. Qb6 Qc1 33. Nc6 Kh6 34. Na5 Bd5 35. h3 Qxe3+ 36. Qxe3+ Rxe3 37. Nc4 Re7 38. Nb6 Rxa7 39. Nxd5 Rxa2 40. Kh2 Rd2 41. Ne3 Kg5 42. Nc4 Rd4 43. Kg3 Kf6 44. Kf3 d5 45. Nb2 h5 46. Nd3 h4 47. Be2 g5 48. Kf2 Ra4 49. Bf3 d4 50. Be2 Ra2 51. Nb4 Rb2 52. Nd3 Rd2 53. Ke1 Ra2 54. Kf1 Ra3 55. Ke1 Ke6 56. Kd2 Ra1 57. Bf3 Ra2+ 58. Ke1 Kd6 59. Kf1 Rc2 60. Nb4 Rc3 61. Ke2 Re3+ 62. Kd2 g4 63. hxg4 h3 64. Nd3 fxg4 65. Ba8 h2 66. g3 Rxg3 67. Nf2 Rg1 0-1

[Event "RUS-chT Premier 2021"]
[White "Malakhov,Vladimir"]
[Black "Zakhartsov,Vladimir"]
[WhiteTeam "Шахматная сборная Москвы"]
[BlackTeam "Школа М. Ботвинника"]
[Site "Sochi"]
[Round "7.14"]
[Annotator "ChessBase"]
[Result "1-0"]
[Date "2021.05.08"]
[WhiteElo "2665"]
[BlackElo "2486"]
[PlyCount "117"]
[TimeControl "60"]

1. Nf3 c5 2. c4 Nf6 3. Nc3 d5 4. cxd5 Nxd5 5. e3 Nxc3 6. dxc3 Qc7 7. Qa4+ Nd7 8. Qh4 e6 9. Qg3 Qxg3 10. hxg3 b6 11. Bd3 Bb7 12. Ke2 Bd6 13. e4 Ke7 14. Be3 h6 15. a4 a6 16. g4 Bc6 17. Rhd1 Rhd8 18. Bc2 Bc7 19. g5 hxg5 20. Bxg5+ f6 21. Be3 a5 22. Bd3 g5 23. Nd2 Bf4 24. Nc4 Ne5 25. Nxe5 fxe5 26. f3 Bxe3 27. Kxe3 Rh8 28. Bb5 Bxb5 29. axb5 c4 30. Rd2 Rac8 31. Rad1 Rc5 32. Rd7+ Kf6 33. R1d2 Rxb5 34. Rc7 Rc5 35. Rb7 Rb5 36. Rc7 Rc5 37. Rdd7 Rxc7 38. Rxc7 Rh2 39. Kf2 Rh1 40. Rb7 a4 41. Rxb6 a3 42. bxa3 Rc1 43. Rb2 Rxc3 44. Ra2 Rb3 45. Ke2 Ke7 46. a4 Rb6 47. a5 Ra6 48. Kd2 Kd6 49. Kc3 Kc5 50. Ra4 Kb5 51. Rb4+ Kxa5 52. Rb8 g4 53. fxg4 Rd6 54. g5 Rd7 55. Rg8 Kb6 56. g6 Rd3+ 57. Kxc4 Rg3 58. g7 Kb7 59. Kc5 1-0

[Event "RUS-chT Premier 2021"]
[White "Makarian,Rudik"]
[Black "Sjugirov,Sanan"]
[WhiteTeam "Школа М. Ботвинника"]
[BlackTeam "Шахматная сборная Москвы"]
[Site "Sochi"]
[Round "7.15"]
[Annotator "ChessBase"]
[Result "1/2-1/2"]
[Date "2021.05.08"]
[WhiteElo "2468"]
[BlackElo "2663"]
[PlyCount "55"]
[TimeControl "60"]

1. d4 Nf6 2. c4 g6 3. Nc3 d5 4. Nf3 Bg7 5. h3 0-0 6. cxd5 Nxd5 7. e4 Nxc3 8. bxc3 c5 9. Be2 Nc6 10. Be3 cxd4 11. cxd4 Qa5+ 12. Bd2 Qa3 13. d5 Ne5 14. 0-0 Nxf3+ 15. Bxf3 a5 16. Re1 Bxa1 17. Qxa1 f6 18. e5 fxe5 19. Qxe5 Qd6 20. Qxe7 Qxe7 21. Rxe7 Rf7 22. Re8+ Rf8 23. Re5 Rf5 24. Re7 Rf7 25. Re8+ Rf8 26. Re1 Bxh3 27. Re7 Rxf3 28. gxf3 1/2-1/2

[Event "RUS-chT Premier 2021"]
[White "Najer,Evgeniy"]
[Black "Afanasiev,Nikita"]
[WhiteTeam "Шахматная сборная Москвы"]
[BlackTeam "Школа М. Ботвинника"]
[Site "Sochi"]
[Round "7.16"]
[Annotator "ChessBase"]
[Result "1/2-1/2"]
[Date "2021.05.08"]
[WhiteElo "2648"]
[BlackElo "2529"]
[PlyCount "127"]
[TimeControl "60"]

1. e4 e5 2. Nf3 Nc6 3. Bb5 Nf6 4. 0-0 Nxe4 5. Re1 Nd6 6. Nxe5 Be7 7. Bf1 Nxe5 8. Rxe5 0-0 9. d4 Bf6 10. Re2 Re8 11. c3 Rxe2 12. Qxe2 Nf5 13. Bf4 c6 14. Nd2 d5 15. Re1 Be6 16. Nf3 Nh4 17. Ne5 Ng6 18. Nxg6 hxg6 19. Qd2 Qd7 20. Bg5 Bxg5 21. Qxg5 Re8 22. f3 Qd8 23. Qxd8 Rxd8 24. h4 Kf8 25. Kf2 Ke7 26. g4 Kd6 27. Bd3 b6 28. Kg3 Bd7 29. f4 Rh8 30. Re2 Bc8 31. Re5 Bd7 32. a3 f6 33. Re3 Re8 34. Rxe8 Bxe8 35. g5 Ke7 36. c4 dxc4 37. Bxc4 fxg5 38. fxg5 Bf7 39. Be2 Kd6 40. Kf4 a5 41. Ke3 Be6 42. Bd3 Bf7 43. Bc2 Ke7 44. Bd3 Kd6 45. Bb1 Be8 46. Ba2 Bd7 47. Bb1 Be8 48. Bc2 Bf7 49. Kf4 c5 50. Ke3 Be8 51. Bb3 Bd7 52. dxc5+ bxc5 53. Kf4 Bb5 54. Bf7 Bd3 55. Bg8 Bb5 56. Bb3 Bd3 57. Bf7 Bc2 58. Bc4 Ba4 59. b3 Be8 60. Bg8 Bb5 61. a4 Be2 62. Bh7 Bh5 63. Bg8 Bd1 64. Bc4 1/2-1/2

[Event "RUS-chT Premier 2021"]
[White "Kukhmazov,Arsen"]
[Black "Grachev,Boris"]
[WhiteTeam "Школа М. Ботвинника"]
[BlackTeam "Шахматная сборная Москвы"]
[Site "Sochi"]
[Round "7.17"]
[Annotator "ChessBase"]
[Result "1/2-1/2"]
[Date "2021.05.08"]
[WhiteElo "2451"]
[BlackElo "2619"]
[PlyCount "44"]
[TimeControl "60"]

1. d4 d5 2. c4 c6 3. Nf3 Nf6 4. Nc3 e6 5. Bg5 Nbd7 6. e3 Qa5 7. Nd2 Bb4 8. Qc2 0-0 9. Be2 c5 10. 0-0 cxd4 11. exd4 dxc4 12. Bh4 Nb6 13. Nxc4 Nxc4 14. Bxc4 Bd7 15. Bxf6 gxf6 16. d5 Bxc3 17. dxe6 Bxe6 18. Bxe6 fxe6 19. bxc3 Rac8 20. c4 Qc5 21. Qe4 Qxc4 22. Qxb7 Rf7 1/2-1/2

[Event "RUS-chT Premier 2021"]
[White "Popov,Ivan"]
[Black "Vetokhin,Savva"]
[WhiteTeam "Шахматная сборная Москвы"]
[BlackTeam "Школа М. Ботвинника"]
[Site "Sochi"]
[Round "7.18"]
[Annotator "ChessBase"]
[Result "1/2-1/2"]
[Date "2021.05.08"]
[WhiteElo "2630"]
[BlackElo "2261"]
[PlyCount "40"]
[TimeControl "60"]

1. e4 e5 2. Nf3 Nf6 3. Nxe5 d6 4. Nf3 Nxe4 5. Nc3 Nxc3 6. dxc3 Be7 7. Be3 0-0 8. Qd2 Nd7 9. 0-0-0 c6 10. h4 Re8 11. Bd3 d5 12. Rde1 Bc5 13. Bd4 Bxd4 14. cxd4 Nf6 15. Ne5 Ne4 16. Bxe4 dxe4 17. Nc4 Be6 18. Ne3 Qd6 19. Qc3 a5 20. a3 Red8 1/2-1/2

[Event "RUS-chT Premier 2021"]
[White "Truskavetsky,Alexandr"]
[Black "Shubin,Kirill"]
[WhiteTeam "Киммерия"]
[BlackTeam "СШОР"]
[Site "Sochi"]
[Round "7.19"]
[Annotator "ChessBase"]
[Result "1/2-1/2"]
[Date "2021.05.08"]
[WhiteElo "2387"]
[BlackElo "2466"]
[PlyCount "103"]
[TimeControl "60"]

1. d4 e6 2. Nf3 Nf6 3. c4 c5 4. d5 d6 5. Nc3 exd5 6. cxd5 g6 7. h3 a6 8. a4 Qe7 9. Bf4 Nbd7 10. e3 Bg7 11. Be2 0-0 12. 0-0 Ne8 13. e4 Rb8 14. Qd2 Nc7 15. Rfe1 f6 16. Rab1 a5 17. Bg3 Ne5 18. Nh2 g5 19. Bg4 b5 20. Bxc8 Rfxc8 21. axb5 Nxb5 22. Nxb5 Rxb5 23. Bxe5 Qxe5 24. Ng4 Qe8 25. f3 Rcb8 26. Qc2 Rb4 27. Ne3 Qb5 28. Nf5 Bf8 29. h4 Rxb2 30. Rxb2 Qxb2 31. Qa4 Qd2 32. Rd1 Qe2 33. Ng3 Qe3+ 34. Kh1 gxh4 35. Nf5 Qb3 36. Ra1 Qxa4 37. Rxa4 h3 38. Rxa5 c4 39. Ra6 Rb2 40. Rc6 hxg2+ 41. Kg1 Rc2 42. Nd4 Rd2 43. Rxc4 h5 44. Nf5 Kf7 45. Rc7+ Kg6 46. f4 h4 47. Nxh4+ Kh5 48. Nxg2 Kg4 49. Rf7 Kf3 50. Nh4+ Kxf4 51. Rxf8 Kxe4 52. Rxf6 1/2-1/2

[Event "RUS-chT Premier 2021"]
[White "Usmanov,Vasily"]
[Black "Musalov,Ruslan"]
[WhiteTeam "СШОР"]
[BlackTeam "Киммерия"]
[Site "Sochi"]
[Round "7.20"]
[Annotator "NA"]
[Result "1-0"]
[Date "2021.05.08"]
[WhiteElo "2447"]
[BlackElo "2359"]
[PlyCount "129"]
[TimeControl "60"]

1. d4 d6 2. Nf3 g6 3. c4 Bg7 4. Nc3 Bg4 5. e3 Nc6 6. h3 Bxf3 7. Qxf3 f5 8. g4 Nh6 9. d5 Nb4 10. Qd1 Qd7 11. Be2 0-0 12. e4 fxe4 13. Nxe4 Nf7 14. Be3 e6 15. Qb3 exd5 16. cxd5 a5 17. a3 Qe7 18. f3 Na6 19. 0-0 Nc5 20. Bxc5 dxc5 21. Rae1 Nd6 22. Kg2 Be5 23. Nxc5 Qh4 24. f4 Rxf4 25. Ne6 Rxf1 26. Rxf1 Qe7 27. a4 b6 28. Rc1 Nf7 29. Rc2 Bd6 30. Bb5 Ne5 31. Re2 Qf6 32. Qc3 h5 33. g5 Qf5 34. Qe3 Kh7 35. b3 Rg8 36. Qe4 Qxe4+ 37. Rxe4 Ra8 38. Re2 Kg8 39. Rc2 Kf7 40. Rf2+ Ke7 41. Rf6 Rg8 42. Nf4 Rf8 43. Nxg6+ Nxg6 44. Rxg6 Rf5 45. h4 Rf4 46. Bd3 Rg4+ 47. Kf3 Rf4+ 48. Ke2 Rxh4 49. Bf5 Kf7 50. Rh6 Bf8 51. Rh8 Rh2+ 52. Kd3 Rg2 53. g6+ Ke7 54. d6+ cxd6 55. Rh7+ Ke8 56. Kc4 h4 57. Kd5 Re2 58. Kc6 Re3 59. g7 Bxg7 60. Rxg7 Rxb3 61. Kxd6 Kf8 62. Rg4 Rb4 63. Be6 Rxg4 64. Bxg4 Kf7 65. Kc6 1-0

[Event "RUS-chT Premier 2021"]
[White "Alexeev,Alexey"]
[Black "Pershin,Denis"]
[WhiteTeam "Киммерия"]
[BlackTeam "СШОР"]
[Site "Sochi"]
[Round "7.21"]
[Annotator "NA"]
[Result "1-0"]
[Date "2021.05.08"]
[WhiteElo "2243"]
[BlackElo "2391"]
[PlyCount "81"]
[TimeControl "60"]

1. e4 c5 2. Nf3 Nc6 3. Bb5 g6 4. Bxc6 bxc6 5. 0-0 Bg7 6. c3 Nf6 7. Re1 0-0 8. d4 cxd4 9. cxd4 d5 10. e5 Ne4 11. Nc3 Nxc3 12. bxc3 Qa5 13. Bg5 f6 14. exf6 exf6 15. Bd2 Bf5 16. c4 Qa6 17. cxd5 cxd5 18. Bb4 Rfc8 19. Bc5 Rab8 20. Re3 Rb2 21. Nh4 Be4 22. f3 Bc2 23. Qe1 Bf8 24. Re6 Qa4 25. Rxf6 Re8 26. Rxf8+ Rxf8 27. Qe6+ Rf7 28. Qxd5 Bb1 29. h3 Qe8 30. Kh2 Qd7 31. Bd6 Qd8 32. Qe5 g5 33. Ba3 Rbb7 34. Rxb1 Rxb1 35. Nf5 Rb6 36. d5 Rbf6 37. Ne7+ Kh8 38. d6 h6 39. Bb2 Kh7 40. Qe4+ Kg7 41. Qg6+ 1-0

[Event "RUS-chT Premier 2021"]
[White "Askerov,Marat"]
[Black "Babakekhyan,Artem"]
[WhiteTeam "СШОР"]
[BlackTeam "Киммерия"]
[Site "Sochi"]
[Round "7.22"]
[Annotator "NA"]
[Result "0-1"]
[Date "2021.05.08"]
[WhiteElo "2353"]
[BlackElo "2214"]
[PlyCount "128"]
[TimeControl "60"]

1. Nf3 Nf6 2. c4 g6 3. Nc3 d5 4. cxd5 Nxd5 5. h4 h6 6. e4 Nxc3 7. dxc3 Qxd1+ 8. Kxd1 f6 9. h5 g5 10. Be3 e5 11. Bc4 Nd7 12. Be6 a5 13. a4 Bd6 14. Nh2 b6 15. Ng4 Ke7 16. Bf5 Bb7 17. Bxd7 Kxd7 18. Nxf6+ Ke6 19. Nd5 Bxd5 20. exd5+ Kxd5 21. Kc2 Rhf8 22. Rad1+ Kc6 23. Rhe1 Rf5 24. Kd3 Raf8 25. Ke4 R5f6 26. Re2 R6f7 27. b3 Re8 28. Red2 Ref8 29. Rd5 Rf6 30. f3 Rg8 31. R5d3 g4 32. Rh1 gxf3 33. gxf3 Rg3 34. Bc1 Kd7 35. Rh4 Ke6 36. Bd2 Rg2 37. Bc1 Rg1 38. Bd2 Rb1 39. c4 Rd1 40. Ke3 Rg1 41. Ke4 Rg2 42. Bc3 Rg5 43. Rd2 Rgf5 44. Rh3 Bc5 45. Rd8 Rf4+ 46. Kd3 Rxf3+ 47. Rxf3 Rxf3+ 48. Kc2 Rf8 49. Rd5 Rf5 50. Rd8 Rxh5 51. Re8+ Be7 52. Bd2 Rh2 53. Kd1 Kd7 54. Rh8 h5 55. Rh7 Ke6 56. c5 Bxc5 57. Rxc7 Kd5 58. Rh7 Bd4 59. b4 axb4 60. Bxb4 Kc4 61. Be1 Kd3 62. Rg7 e4 63. Rg3+ e3 64. Rg5 Ra2 0-1

[Event "RUS-chT Premier 2021"]
[White "Pervakov,Sergey"]
[Black "Saveliev,Alexei"]
[WhiteTeam "Киммерия"]
[BlackTeam "СШОР"]
[Site "Sochi"]
[Round "7.23"]
[Annotator "NA"]
[Result "1/2-1/2"]
[Date "2021.05.08"]
[WhiteElo "2056"]
[BlackElo "2358"]
[PlyCount "124"]
[TimeControl "60"]

1. d4 Nf6 2. Nf3 d5 3. Bf4 c5 4. e3 Nc6 5. c3 cxd4 6. exd4 Bf5 7. Nbd2 e6 8. Be2 Bd6 9. Bxd6 Qxd6 10. 0-0 0-0 11. Re1 a6 12. a4 Bg4 13. Ne5 Bxe2 14. Qxe2 Ne7 15. a5 Qc7 16. Nb3 Ne4 17. f3 Nd6 18. Nc5 Nc6 19. Nxc6 Qxc6 20. Qd3 Rfe8 21. f4 Re7 22. Re2 Qc7 23. b4 Rae8 24. Rae1 Nc4 25. Qf3 Qd6 26. Qg4 g6 27. Qg5 Kg7 28. Rf1 f6 29. Qh4 b6 30. axb6 Qxb6 31. Qh3 a5 32. bxa5 Nxa5 33. Rfe1 f5 34. Qd3 Nc4 35. g3 e5 36. fxe5 Nxe5 37. Nd7 Rxd7 38. Rxe5 Rxe5 39. Rxe5 Qc6 40. Qe3 Qc7 41. h4 h5 42. Kg2 Kh7 43. Re8 Rf7 44. Qe6 Qd7 45. Qe5 Rg7 46. Qb8 Rf7 47. Rh8+ Kg7 48. Qe5+ Rf6 49. Ra8 Qe6 50. Ra7+ Kg8 51. Ra8+ Kg7 52. Ra7+ Kg8 53. Kf3 Qxe5 54. dxe5 Rc6 55. Kf4 Kf8 56. Rd7 Ke8 57. Rxd5 Ke7 58. Ra5 Rc4+ 59. Kg5 Rg4+ 60. Kh6 Rxg3 61. Ra6 Rg4 62. c4 Rxh4 1/2-1/2